[Event "Titled Tuesday Blitz February 21 Late 2023"]
[White "Smith, Garrett L"]
[Black "Danielyan, Vahe"]
[WhiteFideId "2024829"]
[BlackFideId "13304828"]
[WhiteElo "2047"]
[BlackElo "2346"]
[Result "0-1"]
[Round "03"]
[TimeControl "180+2"]
[Date "2023.02.21"]
[WhiteClock "0:00:13"]
[BlackClock "0:01:57"]

1. e4 c5 2. a3 e6 3. b4 cxb4 4. axb4 Bxb4 5. Bb2 Nf6 6. e5 Nd5 7. c4 Nb6 8. Qg4 g6 9. Nf3 Nc6 10. h4 h5 11. Qf4 Be7 12. Nc3 Nb4 13. Rc1 a5 14. Nb5 Na4 15. Bd4 Nc5 16. Bxc5 Bxc5 17. d4 Be7 18. Ng5 O-O 19. g4 hxg4 20. Nd6 Bxd6 21. exd6 f5 22. h5 Qf6 23. hxg6 Qxg6 24. f3 a4 25. Be2 a3 26. fxg4 a2 27. gxf5 a1=Q 28. fxg6 Rxf4 29. Rxa1 Rxa1+ 30. Bd1 Rxd4 0-1


[Site "https://www.chess.com"]

[Event "Titled Tuesday Blitz February 21 Late 2023"]
[White "Pino Perez, Lazaro"]
[Black "Klenburg, Michael"]
[WhiteFideId "3517055"]
[BlackFideId "14102072"]
[WhiteElo "2142"]
[BlackElo "2325"]
[Result "1-0"]
[Round "03"]
[TimeControl "180+2"]
[Date "2023.02.21"]
[WhiteClock "0:00:06"]
[BlackClock "0:00:08"]

1. d4 d6 2. e4 Nf6 3. Nc3 g6 4. Bf4 c6 5. Qd2 b5 6. e5 b4 7. exf6 bxc3 8. Qxc3 exf6 9. O-O-O d5 10. h4 h5 11. Re1+ Be7 12. Qg3 Be6 13. Bd3 Kd7 14. Nf3 a5 15. Re2 Na6 16. Rhe1 Rg8 17. a3 Nc7 18. Kb1 a4 19. Ka1 Nb5 20. c4 Nc7 21. Nd2 Ra7 22. Qe3 Rb7 23. Nb1 dxc4 24. Be4 Nd5 25. Qd2 Qb6 26. Nc3 Nxf4 27. Qxf4 Rgb8 28. d5 cxd5 29. Bxd5 Bxa3 30. Bxe6+ fxe6 31. bxa3 Qc5 32. Qd2+ Kc8 33. Rxe6 Qxa3+ 34. Na2 Rb2 35. Re8+ Kb7 36. R1e7+ Ka8 37. Rxb8+ Rxb8 38. Qd5+ Rb7 39. Qxb7# 1-0


[Site "https://www.chess.com"]

[Event "Titled Tuesday Blitz February 21 Late 2023"]
[White "Buganca, Luiz Henrique Da Silva"]
[Black "Veiga, Jose Francisco R P Neves"]
[WhiteFideId "2182289"]
[BlackFideId "1930087"]
[WhiteElo "1920"]
[BlackElo "2406"]
[Result "1-0"]
[Round "03"]
[TimeControl "180+2"]
[Date "2023.02.21"]
[WhiteClock "0:01:08"]
[BlackClock "0:00:02"]

1. d4 Nf6 2. c4 e6 3. Nf3 d5 4. cxd5 exd5 5. Nc3 c6 6. Bg5 Bf5 7. e3 Be7 8. Bd3 Bxd3 9. Qxd3 O-O 10. O-O Nbd7 11. Rab1 a5 12. h3 Re8 13. Rfe1 Ne4 14. Bf4 Nd6 15. Ne5 Nxe5 16. dxe5 Nc4 17. e4 Bg5 18. exd5 Bxf4 19. Qxc4 Bxe5 20. dxc6 bxc6 21. Qxc6 Rc8 22. Qb5 Bxc3 23. bxc3 Rxe1+ 24. Rxe1 h6 25. c4 Qd2 26. Re8+ Rxe8 27. Qxe8+ Kh7 28. Qxf7 Qxa2 29. Qf5+ Kh8 30. c5 Qa1+ 31. Kh2 a4 32. c6 Qc3 33. Qd7 Qe5+ 34. g3 Qe2 35. Qd4 Qc2 36. Qb6 a3 37. c7 a2 38. Qb8+ Kh7 39. c8=Q Qxc8 40. Qxc8 a1=Q 41. Qf5+ Kh8 42. h4 Qd4 43. h5 Kg8 44. Kg2 Kh8 45. g4 Kg8 46. Kf3 Kh8 47. Qe4 Qc3+ 48. Kg2 Qf6 49. Kg3 Qd6+ 50. f4 Qd1 51. g5 Qg1+ 52. Qg2 Qe3+ 53. Kg4 Qe6+ 54. Kh4 Qf5 55. Qg4 1-0


[Site "https://www.chess.com"]

[Event "Titled Tuesday Blitz February 21 Late 2023"]
[White "mohsengabr2002"]
[Black "Fiorito, Francisco"]
[BlackFideId "180165"]
[WhiteElo "2349"]
[BlackElo "2305"]
[Result "0-1"]
[Round "03"]
[TimeControl "180+2"]
[Date "2023.02.21"]
[WhiteClock "0:00:14"]
[BlackClock "0:00:19"]

1. b3 e5 2. e3 d5 3. Bb2 Bd6 4. c4 c6 5. cxd5 cxd5 6. f4 exf4 7. Bb5+ Nc6 8. Bxg7 Qh4+ 9. Kf1 fxe3 10. Qe1 Qf4+ 11. Nf3 Ne7 12. Bxh8 Bg4 13. Qxe3 Qf5 14. Bb2 O-O-O 15. Bd3 Qh5 16. Nc3 d4 17. Nxd4 Bc5 18. Nce2 Qd5 19. Rc1 Bxe2+ 20. Bxe2 Bxd4 21. Bxd4 Qxd4 22. Qxe7 Qf4+ 23. Bf3 Qxd2 24. Qe1 Qd3+ 25. Qe2 Qd6 26. Kf2 Qd4+ 27. Kf1 Kb8 28. Bxc6 bxc6 29. h4 Rd6 30. Qe8+ Kb7 31. Qxf7+ Kb6 32. Rh3 Rf6+ 33. Qxf6 Qxf6+ 34. Rf3 Qxh4 35. Rc4 Qh1+ 36. Kf2 Qh6 37. a4 Qd2+ 38. Kg3 Qd6+ 39. Kh3 Qh6+ 40. Kg3 Qg5+ 41. Kf2 Qd2+ 42. Kf1 Qd1+ 43. Kf2 h5 44. Rcf4 Qd2+ 45. Kg3 Qd6 46. Kh4 Qg6 47. Rg3 Qh6 48. Rf5 Qh8 49. Rxh5 Qd4+ 50. Kh3 Qd7+ 51. Kh2 Qf7 52. Rh4 Qc7 53. Rg4 c5 54. Rg7 Qe5 55. Rg6+ Ka5 56. Rg5 Qd6 57. Rg6 Qf4 58. Kh3 Qf5+ 59. R3g4 a6 60. Rg5 Qd3+ 61. Rg3 Qd7+ 62. Kh2 Qd6 63. Kg1 Kb4 64. R5g4+ Ka3 65. b4+ Kb2 66. bxc5 Qxc5+ 67. Kh2 Qh5+ 68. Kg1 Qc5+ 69. Kf1 Kc1 70. Re4 Qf5+ 71. Rf3 Qxe4 72. Kf2 Kd1 73. g3 Qe1+ 74. Kg2 Qe4 75. Kf2 Qxa4 76. Rf4 Qd7 77. Kf3 Qd3+ 78. Kg4 Qg6+ 79. Kf3 a5 80. g4 a4 81. Rxa4 Qf7+ 82. Rf4 Qd5+ 83. Kg3 Ke2 84. Rf5 Qd6+ 85. Kh4 Ke3 86. Kg5 Qe7+ 87. Rf6 Ke4 88. Kg6 Qe8+ 89. Rf7 Ke5 90. g5 Ke6 91. Kh6 Qxf7 92. g6 Qf4+ 93. Kh7 Kf6 94. g7 Qf5+ 95. Kg8 Qg6 96. Kf8 Qxg7+ 97. Ke8 Qe7# 0-1


[Site "https://www.chess.com"]

[Event "Titled Tuesday Blitz February 21 Late 2023"]
[White "Novikov, Evgenij"]
[Black "Guzman Moneo, Alberto"]
[WhiteFideId "4125380"]
[BlackFideId "2209616"]
[WhiteElo "2276"]
[BlackElo "2170"]
[Result "1-0"]
[Round "03"]
[TimeControl "180+2"]
[Date "2023.02.21"]
[WhiteClock "0:00:07"]
[BlackClock "0:00:27"]

1. e4 c5 2. Nf3 Nc6 3. d4 cxd4 4. c3 e5 5. cxd4 exd4 6. Nxd4 Nf6 7. Nc3 Bb4 8. Nxc6 bxc6 9. Bd3 O-O 10. O-O d5 11. e5 Ng4 12. Bf4 Re8 13. Re1 Bc5 14. Bg3 Qg5 15. Na4 Bb6 16. Nxb6 axb6 17. f4 Qe7 18. Qc2 Qc5+ 19. Kh1 Qxc2 20. Bxc2 d4 21. Be4 Bb7 22. h3 Ne3 23. Bf2 f6 24. Bxe3 dxe3 25. Rxe3 fxe5 26. fxe5 g6 27. Bf3 Kg7 28. a3 Re7 29. Rc1 c5 30. Bxb7 Rxb7 31. Rd1 Re8 32. Rd6 b5 33. Rc6 c4 34. Rc5 Re6 35. Kh2 h5 36. Kg3 g5 37. Kf3 Kg6 38. Ke4 h4 39. Kd5 Re8 40. Rc6+ Kh5 41. e6 Rd8+ 42. Rd6 Re8 43. Re5 Ree7 44. Rd8 Kg6 45. Rg8+ Kh7 46. Rgxg5 b4 47. Rh5+ Kg6 48. Reg5+ Kf6 49. Rf5+ Kg6 50. Rhg5+ Kh6 51. axb4 Rec7 52. Rg4 Rxb4 53. Rxh4+ Kg6 54. Rf2 Rb5+ 55. Kd6 Rbb7 56. Rg4+ Kh5 57. Rf8 Rh7 58. Rxc4 Rxb2 59. Rf5+ Kg6 60. Rcf4 Rd2+ 61. Ke5 Re2+ 62. Re4 Rxe4+ 63. Kxe4 Re7 64. Re5 Kf6 65. g4 Ra7 66. e7 Ra4+ 67. Kf3 Ra3+ 68. Re3 Ra1 69. e8=Q Rf1+ 70. Ke2 Rf5 71. Qe7+ Kg6 72. gxf5+ Kh5 73. Qh7+ Kg5 74. Qg6+ Kf4 75. Qg4# 1-0


[Site "https://www.chess.com"]

[Event "Titled Tuesday Blitz February 21 Late 2023"]
[White "Romero Ruscalleda, Josep"]
[Black "Sztokbant, Bernardo Vainzoff"]
[WhiteFideId "2231859"]
[BlackFideId "2115956"]
[WhiteElo "2160"]
[BlackElo "2213"]
[Result "0-1"]
[Round "03"]
[TimeControl "180+2"]
[Date "2023.02.21"]
[WhiteClock "0:00:10"]
[BlackClock "0:00:18"]

1. e4 c5 2. c3 d5 3. exd5 Qxd5 4. d4 Nc6 5. Nf3 Bg4 6. Be2 e6 7. O-O Nf6 8. Be3 cxd4 9. cxd4 Be7 10. Nc3 Qd6 11. h3 Bh5 12. a3 O-O 13. Qb3 b6 14. Rad1 Rfd8 15. Rfe1 Rac8 16. Qb5 Bg6 17. Ne5 Nd5 18. Nxg6 hxg6 19. Bf3 Nxc3 20. bxc3 Na5 21. d5 e5 22. Qa6 Rxc3 23. Qxa7 Nc4 24. Rc1 Rxa3 25. Qb7 Nxe3 26. Rc6 Qb4 27. Rxe3 Rxe3 28. fxe3 Qe1+ 29. Kh2 Bh4 30. g4 Bg3+ 31. Kg2 Qf2+ 32. Kh1 Qh2# 0-1


[Site "https://www.chess.com"]

[Event "Titled Tuesday Blitz February 21 Late 2023"]
[White "Defend, Balint"]
[Black "Prieto Aranguren, Alain"]
[WhiteFideId "17004853"]
[BlackFideId "2268906"]
[WhiteElo "1673"]
[BlackElo "2258"]
[Result "1-0"]
[Round "03"]
[TimeControl "180+2"]
[Date "2023.02.21"]
[WhiteClock "0:01:08"]
[BlackClock "0:01:03"]

1. e4 c6 2. Nf3 d5 3. Nc3 Bg4 4. h3 Bh5 5. g4 Bg6 6. e5 e6 7. d4 c5 8. Bg2 Nc6 9. Bf4 Qb6 10. dxc5 Qxb2 11. Na4 Qa3 12. c3 b5 13. cxb6 axb6 14. Nxb6 Ra6 15. Be3 Qxc3+ 16. Nd2 Bd3 17. Rc1 Qa5 18. Rxc6 Bb4 19. Rc8+ Ke7 20. Qc1 Bc3 1-0


[Site "https://www.chess.com"]

[Event "Titled Tuesday Blitz February 21 Late 2023"]
[White "Lorenzo De La Riva, Lazaro"]
[Black "Kokoszczynski, Jan"]
[WhiteFideId "2268809"]
[BlackFideId "1174460"]
[WhiteElo "2404"]
[BlackElo "2247"]
[Result "1-0"]
[Round "03"]
[TimeControl "180+2"]
[Date "2023.02.21"]
[WhiteClock "0:00:46"]
[BlackClock "0:00:01"]

1. d4 d5 2. Nc3 Nf6 3. Bf4 e6 4. Nb5 Na6 5. e3 Be7 6. h4 O-O 7. h5 c6 8. Nc3 c5 9. Nb5 Bd7 10. a4 Nb4 11. c3 Nc6 12. Nf3 Rc8 13. Ne5 a6 14. Na3 cxd4 15. exd4 Nxe5 16. Bxe5 Qa5 17. Bd3 Bxa4 18. Qf3 Bb5 19. h6 Bxd3 20. hxg7 Kxg7 21. Qxd3 Rg8 22. Qf3 Qd8 23. Qf4 Kf8 24. Rh3 Rg6 25. Nc2 b5 26. Rxa6 b4 27. Bxf6 Bxf6 28. Nxb4 Kg8 29. Rf3 1-0


[Site "https://www.chess.com"]

[Event "Titled Tuesday Blitz February 21 Late 2023"]
[White "Kaplan, Avi Harrison"]
[Black "Jenkins, Drake"]
[WhiteFideId "30934559"]
[BlackFideId "2022397"]
[WhiteElo "2146"]
[BlackElo "2130"]
[Result "1-0"]
[Round "03"]
[TimeControl "180+2"]
[Date "2023.02.21"]
[WhiteClock "0:01:10"]
[BlackClock "0:01:27"]

1. e4 c6 2. d4 d5 3. exd5 cxd5 4. Nf3 Nc6 5. Bd3 Qc7 6. c3 Bg4 7. O-O e6 8. h3 Bh5 9. Nbd2 Bd6 10. Re1 Nge7 11. b4 a6 12. a4 O-O 13. Bxh7+ Kxh7 14. Ng5+ Kg6 15. Qc2+ Nf5 16. g4 Rh8 17. Ndf3 Nxb4 18. Qe2 Qxc3 19. Qxe6+ fxe6 20. Rxe6# 1-0


[Site "https://www.chess.com"]

[Event "Titled Tuesday Blitz February 21 Late 2023"]
[White "Fernandez Siles, Luis"]
[Black "Sadovsky, Artem"]
[WhiteFideId "2209420"]
[BlackFideId "4155840"]
[WhiteElo "2218"]
[BlackElo "2276"]
[Result "1-0"]
[Round "03"]
[TimeControl "180+2"]
[Date "2023.02.21"]
[WhiteClock "0:00:33"]
[BlackClock "0:00:17"]

1. d4 g6 2. c4 Bg7 3. Nf3 d6 4. Nc3 e5 5. e4 Nc6 6. dxe5 Nxe5 7. Nxe5 dxe5 8. Qxd8+ Kxd8 9. Bg5+ f6 10. O-O-O+ Bd7 11. Be3 Bh6 12. Bxh6 Nxh6 13. f3 c6 14. c5 Ke7 15. Bc4 Rad8 16. Rd6 b5 17. Bb3 a5 18. a3 Nf7 19. Bxf7 Kxf7 20. Rhd1 Ke7 21. b4 a4 22. Kd2 Be6 23. Ke3 Bb3 24. R1d2 Rxd6 25. Rxd6 Rc8 26. g3 Bc4 27. f4 Rd8 28. Rxd8 exf4+ 29. Kxf4 Kxd8 30. e5 Ke7 31. exf6+ Kxf6 32. Ne4+ Ke6 33. Ng5+ Kd5 34. Nxh7 Kd4 35. Nf8 Bd3 36. Kg5 Kc3 37. h4 Kb3 38. Nxg6 Bc4 39. Ne7 Kxa3 40. h5 Kb2 41. h6 a3 42. h7 a2 43. h8=Q+ Kb1 44. Qh1+ Kb2 45. Qg2+ Kb1 46. Qg1+ Kb2 47. Qf2+ Kb1 48. Qe1+ Kb2 49. Qd2+ Kb1 50. Nxc6 a1=Q 51. Qd1+ Kb2 52. Qxa1+ Kxa1 53. Ne5 Kb2 54. c6 Kb3 55. Kf6 Bf1 56. c7 Bh3 57. g4 Bxg4 58. Nxg4 Kxb4 59. c8=Q Kb3 60. Qc1 b4 61. Qb1+ Ka3 62. Ne3 b3 63. Nc4+ Kb4 64. Nd2 Ka3 65. Qxb3# 1-0


[Site "https://www.chess.com"]

[Event "Titled Tuesday Blitz February 21 Late 2023"]
[White "Drnovsek, Gal"]
[Black "Stavri, Gligor"]
[WhiteFideId "14607077"]
[BlackFideId "4706013"]
[WhiteElo "2397"]
[BlackElo "1867"]
[Result "1-0"]
[Round "03"]
[TimeControl "180+2"]
[Date "2023.02.21"]
[WhiteClock "0:02:23"]
[BlackClock "0:01:15"]

1. e4 c5 2. c3 Nf6 3. e5 Nd5 4. d4 cxd4 5. cxd4 Nc6 6. Nf3 d6 7. Bc4 e6 8. O-O Be7 9. Qe2 O-O 10. Nc3 Nxc3 11. bxc3 dxe5 12. dxe5 Qc7 13. Bd3 g6 14. Bh6 Rd8 15. Rfe1 b6 16. Bc2 Bb7 17. Qe3 Na5 18. Ng5 Qc4 19. Be4 Bxe4 20. Nxe4 Rac8 21. Qf4 Rd5 22. Nf6+ Kh8 23. Nxd5 1-0


[Site "https://www.chess.com"]

[Event "Titled Tuesday Blitz February 21 Late 2023"]
[White "Buscar, Michael"]
[Black "Nygren, Kim"]
[WhiteFideId "2603616"]
[BlackFideId "1706136"]
[WhiteElo "2041"]
[BlackElo "2183"]
[Result "0-1"]
[Round "03"]
[TimeControl "180+2"]
[Date "2023.02.21"]
[WhiteClock "0:00:05"]
[BlackClock "0:00:14"]

1. d4 Nf6 2. c4 e6 3. Nc3 Bb4 4. e3 O-O 5. Bd3 c5 6. Ne2 d5 7. cxd5 Nxd5 8. O-O Nc6 9. a3 Nxc3 10. bxc3 Ba5 11. Bb2 cxd4 12. exd4 e5 13. Qc2 h6 14. Rad1 exd4 15. Bh7+ Kh8 16. Nxd4 Nxd4 17. cxd4 f5 18. Bg6 Qg5 19. Qc5 Bd7 20. Qxa5 Qxg6 21. d5 f4 22. Qc7 Rf7 23. Qxb7 Re8 24. Qb3 f3 25. g3 Qg4 26. Rd3 Ref8 27. Kh1 Qh3 28. Rg1 Rf5 29. Qb4 Bb5 30. Rdd1 Be2 31. Qd4 R8f7 32. Rc1 Rh5 33. Rc8+ Qxc8 34. d6 Qh3 0-1


[Site "https://www.chess.com"]

[Event "Titled Tuesday Blitz February 21 Late 2023"]
[White "Ward, Ieuan C"]
[Black "Filgueira, Hernan"]
[WhiteFideId "406627"]
[BlackFideId "101770"]
[WhiteElo "2028"]
[BlackElo "2283"]
[Result "0-1"]
[Round "03"]
[TimeControl "180+2"]
[Date "2023.02.21"]
[WhiteClock "0:01:44"]
[BlackClock "0:01:53"]

1. d4 d6 2. c4 e5 3. Nf3 e4 4. Ng5 f5 5. Nc3 Be7 6. Nh3 c6 7. Qb3 Nd7 8. g3 Nb6 9. Bg2 Nf6 10. d5 Nfd7 11. Be3 c5 12. Nb1 Ne5 13. Nd2 Bf6 14. O-O-O Bd7 15. f3 Ba4 0-1


[Site "https://www.chess.com"]

[Event "Titled Tuesday Blitz February 21 Late 2023"]
[White "Zampronha, Wladimir Camilo"]
[Black "Urbina Perez, Juan Antonio"]
[WhiteFideId "2103087"]
[BlackFideId "2217368"]
[WhiteElo "2176"]
[BlackElo "2266"]
[Result "0-1"]
[Round "03"]
[TimeControl "180+2"]
[Date "2023.02.21"]
[WhiteClock "0:00:02"]
[BlackClock "0:00:32"]

1. e4 c5 2. Nf3 d6 3. d4 cxd4 4. Nxd4 Nf6 5. Nc3 a6 6. Bg5 e6 7. f4 Be7 8. Qf3 Qc7 9. O-O-O h6 10. Bxf6 Bxf6 11. g4 Nc6 12. Nde2 b5 13. h4 b4 14. Na4 Bb7 15. g5 Be7 16. g6 fxg6 17. Bh3 O-O-O 18. Bxe6+ Kb8 19. Bd5 Qa5 20. b3 Bf6 21. Kb1 Rhe8 22. Qd3 Re7 23. Rhg1 Rc8 24. Rxg6 Nd8 25. Bxb7 Nxb7 26. Nd4 Rec7 27. Rc1 Rc3 28. Nxc3 bxc3 29. Ka1 Qa3 30. Rb1 Nc5 31. Qe3 Qb4 32. Rxf6 gxf6 33. Nf5 Nxe4 34. Nxh6 Nd2 35. Nf5 Nxb1 36. Kxb1 Qb5 37. Nxd6 Qf1+ 38. Qc1 Qxc1+ 39. Kxc1 Rh8 40. Ne4 Rxh4 41. Nxc3 Rxf4 42. Kd2 Rh4 43. Nd5 f5 44. Ke3 Kb7 45. c4 Re4+ 46. Kd3 Kc6 47. Ne3 Rf4 0-1


[Site "https://www.chess.com"]

[Event "Titled Tuesday Blitz February 21 Late 2023"]
[White "Bilan, Danila"]
[Black "Herbst, Richard"]
[WhiteFideId "24161918"]
[BlackFideId "2041251"]
[WhiteElo "2303"]
[BlackElo "2120"]
[Result "1-0"]
[Round "03"]
[TimeControl "180+2"]
[Date "2023.02.21"]
[WhiteClock "0:01:59"]
[BlackClock "0:02:19"]

1. d4 Nf6 2. Nf3 b6 3. g3 Bb7 4. Bg2 e6 5. c4 Be7 6. O-O O-O 7. d5 exd5 8. Nh4 g6 9. cxd5 Re8 10. d6 Bxg2 11. dxe7 Qxe7 12. Nxg2 d5 13. Nc3 c6 14. Bg5 Nbd7 15. Re1 a5 16. e4 Qc5 17. exd5 cxd5 18. Be3 Qc6 19. Rc1 Qb7 20. Nb5 Re6 21. Nc7 Rae8 22. Nxe8 Rxe8 23. Bd4 Rxe1+ 24. Qxe1 Ne4 25. f3 Nec5 26. Qe8+ Nf8 27. Qe5 Nce6 28. Qh8# 1-0


[Site "https://www.chess.com"]

[Event "Titled Tuesday Blitz February 21 Late 2023"]
[White "Bach, Matthias"]
[Black "Hirneise, Jens"]
[WhiteFideId "4603168"]
[BlackFideId "24614734"]
[WhiteElo "2214"]
[BlackElo "2277"]
[Result "1-0"]
[Round "03"]
[TimeControl "180+2"]
[Date "2023.02.21"]
[WhiteClock "0:02:21"]
[BlackClock "0:02:20"]

1. d4 Nf6 2. c4 c6 3. Nf3 d6 4. Nc3 Bf5 5. e3 g6 6. Bd3 Bxd3 7. Qxd3 Bg7 8. O-O O-O 9. b3 d5 10. Bb2 Nbd7 11. Ne5 dxc4 12. Nxc4 Re8 13. Rfd1 Qb6 14. Nxb6 axb6 15. a4 e6 16. Ne4 1-0


[Site "https://www.chess.com"]

[Event "Titled Tuesday Blitz February 21 Late 2023"]
[White "Garcia, Gabriel Gonzaga"]
[Black "Santos Flores, Alberto"]
[WhiteFideId "2138956"]
[BlackFideId "3601234"]
[WhiteElo "2091"]
[BlackElo "2164"]
[Result "1-0"]
[Round "03"]
[TimeControl "180+2"]
[Date "2023.02.21"]
[WhiteClock "0:00:55"]
[BlackClock "0:01:05"]

1. e4 c5 2. Nf3 Nc6 3. d4 cxd4 4. Nxd4 g6 5. Nc3 Bg7 6. Be3 Nf6 7. Be2 O-O 8. Nb3 d6 9. O-O b6 10. f4 Bb7 11. Bf3 Nd7 12. Qd2 Nc5 13. Nxc5 dxc5 14. Rad1 Qxd2 15. Rxd2 Rfd8 16. e5 Rxd2 17. Bxd2 Rd8 18. Be3 Na5 19. Bxb7 Nxb7 20. Rd1 Rxd1+ 21. Nxd1 g5 22. g3 gxf4 23. gxf4 Na5 24. b3 Nc6 25. c3 e6 26. Kf2 Ne7 27. Kf3 Nd5 28. Ke4 Kf8 29. f5 Nxe3 30. Nxe3 Bh6 31. Nc4 Ke7 32. f6+ Kf8 33. a4 Bc1 34. b4 cxb4 35. cxb4 Ke8 36. Nd6+ Kf8 37. Nc8 a5 38. b5 Ke8 39. Nxb6 Ba3 40. Nc4 Bb4 41. Nd6+ Kf8 42. b6 Bc5 43. Nc8 1-0


[Site "https://www.chess.com"]

[Event "Titled Tuesday Blitz February 21 Late 2023"]
[White "Remolar Gallen, Jose"]
[Black "Kohler, Aran"]
[WhiteFideId "2215187"]
[BlackFideId "1002856"]
[WhiteElo "2285"]
[BlackElo "2010"]
[Result "1-0"]
[Round "03"]
[TimeControl "180+2"]
[Date "2023.02.21"]
[WhiteClock "0:00:16"]
[BlackClock "0:00:14"]

1. e4 c6 2. d4 d5 3. e5 c5 4. dxc5 e6 5. a3 Bxc5 6. b4 Bb6 7. Nf3 Ne7 8. Bd3 h6 9. Nbd2 Bd7 10. Bb2 a6 11. Qe2 Ba4 12. c4 dxc4 13. Nxc4 Bc7 14. O-O Bb5 15. Rfd1 Bxc4 16. Bxc4 Qc8 17. Rac1 Nbc6 18. Qe4 O-O 19. Bd3 Ng6 20. h4 Rd8 21. h5 Nf8 22. Qe3 Ne7 23. Be4 Rxd1+ 24. Rxd1 Rb8 25. Qc5 Bd8 26. Qxc8 Rxc8 27. Bxb7 Rb8 28. Bxa6 Nd5 29. Bc4 Nb6 30. Bb3 Be7 31. Nd4 Ra8 32. Nc6 Bg5 33. g3 Rc8 34. b5 Nfd7 35. f4 Bd8 36. a4 Bc7 37. a5 Nd5 38. Bxd5 exd5 39. Ne7+ Kf8 40. Nxc8 Bxa5 41. Rxd5 Nb6 42. Ba3+ 1-0


[Site "https://www.chess.com"]

[Event "Titled Tuesday Blitz February 21 Late 2023"]
[White "Toncheva, Nadya"]
[Black "Zhang, Alan"]
[WhiteFideId "2924056"]
[BlackFideId "30936870"]
[WhiteElo "2295"]
[BlackElo "2001"]
[Result "1-0"]
[Round "03"]
[TimeControl "180+2"]
[Date "2023.02.21"]
[WhiteClock "0:00:06"]
[BlackClock "0:00:06"]

1. d4 Nf6 2. c4 e6 3. Nc3 d5 4. cxd5 exd5 5. Bg5 c6 6. e3 Be7 7. Bd3 O-O 8. Qc2 Nbd7 9. Nge2 Re8 10. O-O h6 11. Bh4 Ne4 12. Bxe7 Qxe7 13. Bxe4 dxe4 14. d5 Qc5 15. dxc6 Qxc6 16. Nd4 Qg6 17. Nd5 Ne5 18. Rac1 Nd3 19. Qxc8 Raxc8 20. Rxc8 Kf8 21. Rc7 Qd6 22. Rxb7 Qxd5 23. Rxa7 Rc8 24. h3 Nxb2 25. a4 Nd3 26. a5 Qa2 27. a6 Nb4 28. Nf5 Nxa6 29. Nd6 Rc6 30. Ra8+ Ke7 31. Nf5+ Kf6 32. Nd4 Rb6 33. g4 Rb1 34. Rxb1 Qxb1+ 35. Kg2 Nc5 36. Rc8 Nd3 37. Rc6+ Kg5 38. f4+ exf3+ 39. Nxf3# 1-0


[Site "https://www.chess.com"]

[Event "Titled Tuesday Blitz February 21 Late 2023"]
[White "Grycel, Kamil"]
[Black "Magallanes, Rey Jomar"]
[WhiteFideId "1115499"]
[BlackFideId "5205948"]
[WhiteElo "2315"]
[BlackElo "2052"]
[Result "1/2-1/2"]
[Round "03"]
[TimeControl "180+2"]
[Date "2023.02.21"]
[WhiteClock "0:01:33"]
[BlackClock "0:02:14"]

1. b3 Nf6 2. Bb2 g6 3. Bxf6 exf6 4. c4 Bg7 5. Nc3 O-O 6. Rc1 c6 7. Nf3 f5 8. g3 d5 9. cxd5 cxd5 10. d4 Be6 11. e3 Nc6 12. Bg2 Rc8 13. O-O Ne7 14. Na4 b6 15. Qd2 Qd7 16. Rxc8 Rxc8 17. Rc1 Rxc1+ 18. Qxc1 Qc8 19. Qxc8+ Nxc8 20. Nc3 Nd6 21. Ng5 Ne4 22. Ncxe4 fxe4 23. Nxe6 fxe6 24. Kf1 Kf7 25. Ke2 e5 26. dxe5 Bxe5 27. f3 exf3+ 28. Bxf3 Ke6 29. Kd3 g5 30. Bg4+ Kd6 31. h4 h6 32. hxg5 hxg5 33. e4 dxe4+ 34. Kxe4 Bxg3 35. Kf5 Bf4 36. Ke4 Kc5 37. Kd3 Kb4 38. Kc2 Ka3 39. Kb1 a5 40. Bf5 Kb4 41. Kc2 Kc5 42. Kd3 b5 43. a4 bxa4 44. bxa4 Kd5 45. Bg4 Kc5 46. Ke4 Kb4 47. Bd7 Bh2 48. Kf3 Bc7 49. Kg4 Bd8 50. Be8 Be7 51. Bd7 Bd8 52. Be8 Be7 53. Bd7 Bd8 1/2-1/2


[Site "https://www.chess.com"]

[Event "Titled Tuesday Blitz February 21 Late 2023"]
[White "Karwowski, Kacper"]
[Black "Sailer, Mike"]
[WhiteFideId "1126032"]
[BlackFideId "2012901"]
[WhiteElo "2164"]
[BlackElo "2109"]
[Result "0-1"]
[Round "03"]
[TimeControl "180+2"]
[Date "2023.02.21"]
[WhiteClock "0:00:01"]
[BlackClock "0:00:10"]

1. e4 d5 2. exd5 Qxd5 3. Nc3 Qd6 4. Nf3 Nf6 5. Bc4 c6 6. Qe2 Bg4 7. d3 e6 8. h3 Bxf3 9. Qxf3 Be7 10. Bf4 Qb4 11. Bb3 Nbd7 12. O-O O-O 13. a3 Qa5 14. Rfe1 Nb6 15. Bd2 Qh5 16. Ne4 Qxf3 17. gxf3 Rfd8 18. Bc3 Nbd5 19. Nxf6+ Bxf6 20. Bxf6 Nxf6 21. Re5 Rd4 22. Kg2 Rad8 23. Rae1 g6 24. Bc4 b5 25. Bb3 Kf8 26. Rc5 R8d6 27. Re3 Ke7 28. c3 Rh4 29. d4 Kd7 30. a4 a6 31. axb5 axb5 32. Kg3 Rh5 33. Rxh5 Nxh5+ 34. Kg2 Kc7 35. Re1 Nf4+ 36. Kg3 Nh5+ 37. Kg2 Rd8 38. Ra1 Kb7 39. Re1 Nf4+ 40. Kg3 Nh5+ 41. Kg2 Ra8 42. Rd1 Kb6 43. h4 Ng7 44. Kg3 h5 45. f4 Nf5+ 46. Kh3 Rd8 47. Bc2 Nd6 48. Bd3 Nb7 49. Ra1 Na5 50. Bc2 Nc4 51. b3 Nd6 52. b4 Nc4 53. Bd3 Nd6 54. Ra2 Nc8 55. Be4 Ne7 0-1


[Site "https://www.chess.com"]

[Event "Titled Tuesday Blitz February 21 Late 2023"]
[White "Torres Dominguez, David"]
[Black "Florescu, Codrut-Constantin"]
[WhiteFideId "2220857"]
[BlackFideId "1202200"]
[WhiteElo "1994"]
[BlackElo "2259"]
[Result "0-1"]
[Round "03"]
[TimeControl "180+2"]
[Date "2023.02.21"]
[WhiteClock "0:00:14"]
[BlackClock "0:00:13"]

1. e4 c5 2. Nc3 e6 3. f4 a6 4. Nf3 d6 5. d4 cxd4 6. Nxd4 Nf6 7. Be2 Be7 8. O-O O-O 9. Qe1 Nc6 10. Be3 Bd7 11. Rd1 Nxd4 12. Bxd4 Qc7 13. Qg3 Bc6 14. Bf3 b5 15. a3 Rac8 16. e5 Ne8 17. exd6 Bxd6 18. Bxc6 Qxc6 19. Be5 f6 20. Bxd6 Nxd6 21. Ne2 Ne4 22. Qh3 Qb6+ 23. Nd4 Rxc2 24. Qd3 Rxb2 25. Qxe4 Re8 26. Kh1 b4 27. f5 bxa3 28. Nxe6 a2 29. Qc4 Qb5 30. Qc7 Qb7 31. Qc4 Qxg2# 0-1


[Site "https://www.chess.com"]

[Event "Titled Tuesday Blitz February 21 Late 2023"]
[White "Taboas Rodriguez, Daniel"]
[Black "Manu_ChessExcelsior"]
[WhiteFideId "2208466"]
[WhiteElo "2371"]
[BlackElo "2095"]
[Result "1-0"]
[Round "03"]
[TimeControl "180+2"]
[Date "2023.02.21"]
[WhiteClock "0:00:24"]
[BlackClock "0:00:05"]

1. d4 d5 2. c4 e6 3. Nc3 a6 4. e4 dxe4 5. Nxe4 Nf6 6. Nxf6+ Qxf6 7. Nf3 Bb4+ 8. Bd2 Bxd2+ 9. Qxd2 O-O 10. Bd3 Nd7 11. O-O Rd8 12. Rfe1 Nf8 13. Qe3 c5 14. dxc5 Qxb2 15. Ne5 Qd4 16. Qxd4 Rxd4 17. Rad1 f6 18. Bxh7+ Kxh7 19. Rxd4 fxe5 20. Rd8 Nd7 21. h4 Nxc5 22. Rxe5 b6 23. Rh5+ Kg6 24. Rg5+ Kh7 25. Rf8 Ne4 26. Rg4 Nf6 27. Rd4 Bb7 28. Rxa8 Bxa8 29. Rd6 b5 30. Rxa6 Be4 31. cxb5 Bd3 32. a4 Nd5 33. Rxe6 Bc2 34. a5 Nf4 35. Rc6 Ba4 36. Rc5 Nd3 37. Rd5 Nf4 38. Rf5 Ne2+ 39. Kh2 Nd4 40. Rf4 1-0


[Site "https://www.chess.com"]